 Dungeon Crawl Stone Soup version 0.18.1-48-g4cf74bf (webtiles) character file.

657 hairmachine the Conjurer (level 7, -5/41 HPs)
             Began as a High Elf Wizard on July 16, 2016.
             Killed from afar by an orc wizard (10 damage)
             ... with a magic dart
             ... on level 5 of the Dungeon.
             The game lasted 00:33:20 (7092 turns).

hairmachine the Conjurer (High Elf Wizard)          Turns: 7092, Time: 00:33:21

Health: -5/41      AC:  8    Str:  7    XL:     7   Next: 29%
Magic:  1/13       EV: 12    Int: 23    God:
Gold:   118        SH:  0    Dex: 14    Spells: 5 memorised, 2 levels left

rFire  . . .     SeeInvis .     u - +0 short sword (protect)
rCold  . . .     Gourm    .     a - +0 robe
rNeg   . . .     Faith    .     (no shield)
rPois  .         Spirit   .     b - +0 hat
rElec  .         Dismiss  .     z - +0 cloak
rCorr  .         Reflect  .     (no gloves)
SustAt .         Harm     .     (no boots)
MR     .....                    (no amulet)
Stlth  ++........               (no ring)
                                (no ring)

@: repel missiles, not resistant to hostile enchantments, unstealthy
A: no striking features
a: no special abilities


You were on level 5 of the Dungeon.
You were not hungry.

You visited 2 branches of the dungeon, and saw 6 of its levels.

You collected 118 gold pieces.

Inventory:

Hand Weapons
 u - a +0 short sword of protection (weapon)
Armour
 a - a +0 robe (worn)
 b - a +0 hat (worn)
 z - a +0 cloak (worn)
Jewellery
 g - an uncursed ring of stealth {unknown}
Wands
 y - a wand of random effects (32/48)
 B - a wand of slowing (31/48)
Scrolls
 f - 4 scrolls of magic mapping {unknown}
 i - 3 scrolls of identify
 k - a scroll of amnesia {unknown}
 m - a scroll of fog {unknown}
 o - 3 scrolls of teleportation {unknown}
 p - a scroll of immolation {unknown}
 q - 2 scrolls of fear {unknown}
 r - a scroll of blinking {unknown}
 s - 2 scrolls of enchant weapon {unknown}
 t - a scroll of remove curse {unknown}
 x - 2 scrolls of enchant armour {unknown}
Potions
 e - a potion of magic {unknown}
 h - a potion of agility {unknown}
 j - 2 potions of berserk rage {unknown}
 l - a potion of flight {unknown}
 n - 4 potions of curing {unknown}
 v - a potion of degeneration {unknown}
 w - a potion of lignification {unknown}
 A - a potion of haste {unknown}
Books
 c - a book of Minor Magic

   Spells                             Type                      Level
   a - Magic Dart                     Conjuration                  1
   b - Blink                          Translocation                2
   c - Call Imp                       Summoning                    2
   d - Repel Missiles                 Charms/Air                   2
   e - Slow                           Hexes                        2
   f - Conjure Flame                  Conjuration/Fire             3
   g - Mephitic Cloud                 Conjuration/Poison/Air       3
Comestibles
 d - 4 bread rations
 C - 4 fruits
 D - a chunk of flesh


   Skills:
 + Level 5.4 Short Blades
 - Level 2.1 Dodging
 - Level 2.1 Stealth
 - Level 3.6 Spellcasting
 - Level 6.0 Conjurations
   Level 0.8 Summonings
 - Level 1.1 Translocations
 - Level 3.6 Air Magic


You had 2 spell levels left.
You knew the following spells:

 Your Spells              Type           Power        Failure   Level  Hunger
a - Magic Dart            Conj           ####         1%          1    None
b - Blink                 Tloc           N/A          12%         2    #......
c - Mephitic Cloud        Conj/Pois/Air  ###.....     10%         3    ###....
d - Conjure Flame         Conj/Fire      ###.....     12%         3    ###....
e - Repel Missiles        Chrm/Air       ##....       10%         2    #......


Dungeon Overview and Level Annotations

Branches:
Dungeon (5/15)             Temple (1/1) D:5

Altars:
Ashenzari
Cheibriados
Dithmenos
Elyvilon
Gozag
Kikubaaqudgha
Makhleb
Pakellas
Qazlal
Ru
Sif Muna
Xom
Zin
The Shining One

Annotations:
D:2 Sigmund


Message History

Confirm with . or Enter, or press ? or * to list all spells.
Aiming: Magic Dart
Press: ? - help, Shift-Dir - straight line, f - orc wizard, p - centaur
Aim: an orc wizard, wielding a dagger and wearing a spiked leather armour (heavily wounded)
The magic dart hits the orc wizard.
The orc wizard is severely wounded.
You barely miss the orc wizard.
The orc wizard is severely wounded.
The orc wizard hits you but does no damage.
You hit the orc wizard but do no damage.
The orc wizard is severely wounded.
The orc wizard hits you with a dagger.
* * * LOW HITPOINT WARNING * * *
You hit the orc wizard.
The orc wizard is severely wounded.
You hit the orc wizard but do no damage.
The orc wizard is severely wounded.
The orc wizard gestures at you while chanting.
The magic dart hits you!
You die...

###### ###### #.c..# #.....
##....# #######..... #)....#
#...^.#..... #..@.(# #.###.#.....
#..o(.# #.#<........ #...(.#
#.#...#.....
############....†###88.88#.....
.....o...((.........8...8#.###.
######....)###....####8.>.8#.# .
....##..[).###....# #8...8#.#
♣♣..##...§§#.....#####88888#.###.
#♣.....o..'.....'...............


You could see a centaur (confused) and an orc wizard.

Vanquished Creatures
  A phantom (D:4)
  A necrophage (D:5)
  A hound (D:3)
  2 centaur skeletons (D:4)
  Jessica (D:3)
  Ijyb (D:2)
  2 iguanas (D:4)
  2 worker ants
  5 adders
  4 gnolls (D:3)
  A howler monkey skeleton (D:5)
  A shadow imp (D:5)
  An ooze (D:5)
  An adder skeleton (D:4)
  3 worms
  5 dart slugs
  8 giant geckos
  14 orcs
  7 giant cockroaches
  6 goblins
  8 hobgoblins
  4 jackals (D:3)
  2 quokkas
  A ball python (D:3)
  5 bats
  A giant gecko skeleton (D:5)
  2 giant newts
  5 kobolds
  12 rats
107 creatures vanquished.

Notes
Turn   | Place    | Note
--------------------------------------------------------------
     0 | D:1      | hairmachine the High Elf Wizard began the quest for the Orb.
     0 | D:1      | Reached XP level 1. HP: 11/11 MP: 6/6
   322 | D:1      | Reached skill level 2 in Conjurations
   517 | D:1      | Reached XP level 2. HP: 17/17 MP: 5/7
   549 | D:1      | Learned a level 2 spell: Blink
  1400 | D:2      | Reached skill level 3 in Conjurations
  1457 | D:2      | Noticed Sigmund
  1712 | D:2      | Found an opulent altar of Gozag.
  1738 | D:2      | Reached XP level 3. HP: 21/21 MP: 6/9
  1783 | D:2      | Learned a level 3 spell: Mephitic Cloud
  1787 | D:2      | Learned a level 3 spell: Conjure Flame
  1833 | D:2      | Noticed Ijyb
  1887 | D:2      | Killed Ijyb
  1887 | D:2      | Reached skill level 4 in Conjurations
  2227 | D:2      | Reached XP level 4. HP: 27/27 MP: 0/10
  2528 | D:2      | Reached skill level 1 in Air Magic
  3782 | D:3      | Reached XP level 5. HP: 31/31 MP: 9/11
  3839 | D:3      | Learned a level 2 spell: Repel Missiles
  4138 | D:3      | Noticed Jessica
  4152 | D:3      | Reached skill level 5 in Conjurations
  4234 | D:3      | Killed Jessica
  4825 | D:4      | Noticed a phantom
  4926 | D:4      | Reached skill level 1 in Short Blades
  5011 | D:4      | Reached XP level 6. HP: 36/36 MP: 6/12
  5561 | D:4      | Reached skill level 6 in Conjurations
  6054 | D:5      | Entered Level 5 of the Dungeon
  6054 | D:5      | Found a staircase to the Ecumenical Temple.
  6078 | Temple   | Entered the Ecumenical Temple
  6564 | D:5      | Reached XP level 7. HP: 41/41 MP: 0/13
  6687 | D:5      | Reached skill level 5 in Short Blades
  7030 | D:5      | Found a shimmering altar of Xom.
  7092 | D:5      | Killed from afar by an orc wizard

Skill      XL: |  1  2  3  4  5  6  7 |
---------------+----------------------+-----
Conjurations   | 2 3 4 5 6 |  6.0
Air Magic      | 2 3 |  3.6
Short Blades   | 1 4 5 |  5.4
Dodging        | |  2.1
Stealth        | |  2.1
Spellcasting   | |  3.6
Summonings     | |  0.8
Translocations | |  1.1

Action                   |  1- 3 |  4- 6 |  7- 9 || total
-------------------------+-------+-------+-------++-------
Melee: Short sword       |       |    10 |    41 ||    51
 Cast: Magic Dart        |    92 |   206 |    24 ||   322
       Blink             |     2 |     2 |     1 ||     5
       Conjure Flame     |     2 |    13 |       ||    15
       Mephitic Cloud    |       |     2 |     2 ||     4
       Repel Missiles    |       |     1 |       ||     1
  Use: Scroll            |       |     1 |       ||     1
  Eat: Chunk             |     4 |    12 |       ||    16
       Meat ration       |       |     1 |       ||     1
Armor: Robe              |     2 |    12 |    18 ||    32
Dodge: Dodged            |    14 |    29 |    22 ||    65
       Deflected         |       |       |     3 ||     3
